 Dungeon Crawl Stone Soup version 0.31.0-12-g77e489cdc1 (webtiles) character file.

Game seed: 4950079696226132164

1408 RancidPinata the Covert (level 8, -2/58 HPs)
             Began as an Octopode Delver on Feb 20, 2024.
             Killed by divine providence
             ... invoked by an orc priest
              (12 damage)
             ... on level 6 of the Dungeon.
             The game lasted 00:16:36 (5621 turns).

RancidPinata the Covert (Octopode Delver)           Turns: 5621, Time: 00:16:37

Health: -2/58      AC:  1    Str: 18    XL:     8   Next: 70%
Magic:  8/8        EV: 17    Int: 12    God:
Gold:   295        SH:  0    Dex: 21    Spells: 7/7 levels left

rFire   . . .        t - +1 short sword (venom)
rCold   . . .        (no shield)
rNeg    + . .        (helmet restricted)
rPois   .            (no amulet)
rElec   .            i - ring of see invisible
rCorr   .            k - +6 ring of dexterity
SInv    +            u - ring of flight
Will    .....        B - +6 ring of strength
Stlth   ++++++       G - ring of positive energy
HPRegen 0.29/turn    (no ring)
MPRegen 0.11/turn    (no ring)
                     (no ring)

%: no passive effects
@: flying
A: almost no armour, amphibious, 8 rings, camouflage 1, gelatinous body 1,
(nimble swimmer 1), tentacles
a: no special abilities


You were on level 6 of the Dungeon.
You visited 2 branches of the dungeon, and saw 7 of its levels.

You collected 295 gold pieces.

Inventory:

Hand Weapons
 t - a +1 short sword of venom (weapon)
 C - a +3 dagger
 E - a +2 dagger of freezing
Missiles
 j - 4 boomerangs (quivered)
 s - 60 stones
 y - 12 poisoned darts
 I - a throwing net
Jewellery
 i - a ring of see invisible (left tentacle)
 k - a +6 ring of dexterity (right tentacle)
 u - a ring of flight (on tentacle)
 B - a +6 ring of strength (on tentacle)
 G - a ring of positive energy (on tentacle)
Talismans
 K - a serpent talisman
Wands
 f - a wand of digging (3)
 D - a wand of mindburst (6)
 F - a wand of roots (6)
Scrolls
 b - a scroll of fog
 c - a scroll of revelation
 m - 6 scrolls of identify {unknown}
 n - 2 scrolls of fear
 p - a scroll of summoning {unknown}
 r - 2 scrolls of blinking {unknown}
 v - a scroll of amnesia {unknown}
 w - 2 scrolls of noise {unknown}
 x - a scroll of torment {unknown}
 H - a scroll of teleportation {unknown}
 J - a scroll of silence {unknown}
Potions
 a - 2 potions of attraction {unknown}
 d - a potion of cancellation {unknown}
 e - a potion of haste
 g - a potion of mutation {unknown}
 h - 3 potions of degeneration {unknown}
 l - 4 potions of invisibility {unknown}
 o - 2 potions of resistance {unknown}
 q - a potion of curing {unknown}
 z - a potion of berserk rage {unknown}
 A - a potion of enlightenment {unknown}
 L - a potion of lignification {unknown}


   Skills:
 * Level 6.3 Fighting
 + Level 4.4 Short Blades
 * Level 5.8 Dodging
 + Level 9.7 Stealth
 + Level 2.1 Evocations


You had 7 spell levels left.
You didn't know any spells.
Your spell library contained the following spells:

 Spells                   Type           Power      Damage    Failure   Level
 Freeze                   Ice            0%         1d3       32%         1
 Slow                     Hex            0%         N/A       32%         1
 Confusing Touch          Hex            0%         N/A       69%         3
 Frozen Ramparts          Ice            0%         1d1       69%         3
 Hailstorm                Conj/Ice       0%         3d5       69%         3
 Sigil of Binding         Hex            0%         N/A       69%         3
 Vampiric Draining        Necr           0%         2d6       69%         3


Dungeon Overview and Level Annotations

Branches:
Dungeon (6/15)             Temple (1/1) D:5

Altars:
Dithmenos
Elyvilon
Hepliaklqana
Makhleb
Nemelex Xobeh
Okawaru
Qazlal
Sif Muna
Trog
Uskayaw
Wu Jian
Xom
Yredelemnul
Zin
The Shining One

Annotations:
D:6 Menkaure


Innate Abilities, Weirdness & Mutations

You cannot wear most types of armour.
You are amphibious.
You can wear up to eight rings at the same time.
Your skin changes colour to match your surroundings (Stealth+).
Your rubbery body absorbs attacks. (AC +1, EV +1)
((You are camouflaged when in or above water. (Stealth+)))
You have tentacles for arms and can constrict up to eight enemies at once.


Message History

Things that are here:
a +0 club; a +0 leather armour; an orc corpse You feel less confused.
The orc priest calls down the wrath of Beogh upon you.
Beogh smites you! The orc wizard barely misses you.
Things that are here:
a +0 club; a +0 leather armour; an orc corpse You hit the orc wizard.
The orc wizard is poisoned.
You grab the orc wizard.
The orc wizard is lightly wounded.
You constrict the orc wizard, but do no damage.
You hit the orc wizard. You squeeze the orc wizard!
You kill the orc wizard!
The orc priest invokes the aid of Beogh against you.
Pain shoots through your body! The orc priest barely misses you.
Things that are here:
a +0 dagger; a +0 robe You hit the orc priest but do no damage.
The orc priest is poisoned.
You grab the orc priest. You squeeze the orc priest.
The orc priest is lightly wounded.
You constrict the orc priest.
The orc priest looks satisfied for a moment.
You hit the orc priest but do no damage.
You squeeze the orc priest.
The orc priest is heavily wounded.
You constrict the orc priest. The orc priest barely misses you.
You hit the orc priest. You squeeze the orc priest.
You kill the orc priest!
You hit the orc.
The orc is poisoned.
You grab the orc. You squeeze the orc.
The orc is moderately wounded.
You constrict the orc. The orc hits you with a +0 falchion.
You hit the orc.
You kill the orc!
The orc priest mumbles some strange prayers to Beogh against you.
Beogh smites you!
* * * LOW HITPOINT WARNING * * *
The orc priest mumbles some strange prayers to Beogh against you.
Beogh smites you!
You die...

[...)..#
#####.##..........
####'### #.##..........
#.# #.############ #.#
#.......# #.# #........
#.# #.#####.# #.#
#.#...#
#.###############.#.#.#
#..<........o@))....#.#
####.######⌠#####.###.#
#.# ##♣_§≈≈###.....#
#.###)M^##..###.####
#..#_^#_^^.≈.##.#
##.⌠^#.._..^§⌠..#
###._^...#§.##.#
##..♣~♣~.###.#
##.#♣^_## ..#


You could see Menkaure (wandering) and an orc priest.

Vanquished Creatures
  Grinder (D:3)
  A water moccasin (D:6)
  A sky beast (D:6)
  2 ogres (D:6)
  A black bear (D:6)
  A phantom (D:4)
  3 scorpions
  A bombardier beetle (D:5)
  3 hounds (D:6)
  2 orc priests
  Crazy Yiuf (D:3)
  Jessica (D:3)
  3 iguanas
  An orc wizard (D:6)
  3 gnolls (D:3)
  6 adders
  A shadow imp (D:6)
  3 ribbon worms
  3 dart slugs
  8 orcs
  5 bats
  12 endoplasms
  3 giant cockroaches
  10 goblins
  8 hobgoblins
  2 quokkas (D:2)
  2 ball pythons
  2 frilled lizards (D:3)
  17 kobolds
  2 rats (D:1)
109 creatures vanquished.

Notes
Turn   | Place    | Note
-------+----------+-------------------------------------------
     0 | D:5      | RancidPinata the Octopode Delver began the quest for the
                  | Orb.
     0 | D:5      | Reached XP level 1. HP: 16/16 MP: 1/1
     8 | D:6      | Found an iron altar of Okawaru.
    65 | D:5      | Noticed a bombardier beetle
    74 | D:6      | Noticed Menkaure
   201 | D:4      | Found a shimmering blue altar of Sif Muna.
   289 | D:4      | Reached XP level 2. HP: 21/21 MP: 2/2
   363 | D:4      | Noticed a scorpion
   372 | D:4      | Killed a scorpion
   373 | D:4      | Reached skill level 7 in Stealth
   373 | D:4      | Reached XP level 3. HP: 4/26 MP: 3/3
   373 | D:4      | Reached XP level 4. HP: 5/32 MP: 4/4
   377 | D:4      | HP: 1/32 [poisoned by a scorpion]
   611 | D:3      | Noticed Grinder
   615 | D:3      | Paralysed by Grinder for 4 turns
   618 | D:3      | HP: 1/32 [Grinder (6)]
   761 | D:3      | Noticed Jessica
   765 | D:3      | Killed Jessica
   925 | D:3      | Reached XP level 5. HP: 37/37 MP: 5/5
  2303 | D:3      | Found a runed translucent door.
  2304 | D:3      | Noticed Crazy Yiuf
  2322 | D:3      | Killed Crazy Yiuf
  2499 | D:3      | Reached XP level 6. HP: 43/43 MP: 6/6
  2602 | D:3      | Reached skill level 8 in Stealth
  3114 | D:3      | Killed Grinder
  3115 | D:3      | Reached XP level 7. HP: 20/49 MP: 7/7
  3417 | D:4      | Reached skill level 5 in Fighting
  3510 | D:4      | Found a white marble altar of Elyvilon.
  4204 | D:5      | Reached skill level 9 in Stealth
  4205 | D:5      | Found a staircase to the Ecumenical Temple.
  4210 | Temple   | Entered the Ecumenical Temple
  4686 | D:6      | Reached skill level 5 in Dodging
  4686 | D:6      | Reached skill level 1 in Evocations
  4686 | D:6      | Reached XP level 8. HP: 55/57 MP: 8/8
  5048 | D:6      | Found a basalt altar of Yredelemnul.
  5273 | D:6      | Found a shimmering altar of Xom.
  5274 | D:6      | Found a shimmering altar of Xom.
  5275 | D:6      | Found a shimmering altar of Xom.
  5275 | D:6      | Found a shimmering altar of Xom.
  5275 | D:6      | Found a shimmering altar of Xom.
  5275 | D:6      | Found a shimmering altar of Xom.
  5277 | D:6      | Found a shimmering altar of Xom.
  5621 | D:6      | Killed from afar by an orc priest

Illustrated notes

Levels and vault maps discovered:
D:1:      dpeg_arrival_rhombus, layout_basic
D:2:      layout_rooms, st_stairs_13
D:3:      layout_loops_ring, minmay_goblin_kobold_house, uniq_grinder,
          uniq_jessica, uniq_crazy_yiuf_cottage
D:4:      layout_loops_ring, elyvilon_altar_1,
          mainiacjoe_overflow_small_starburst, serial_bayou,
          serial_bayou_shore_b, serial_bayou_pond_e, serial_bayou_pond_d,
          serial_bayou_pond_a
D:5:      layout_rooms, minmay_temple_entry_glassed_door,
          serial_co_window_serial, co_window_of_opportunity_a,
          co_window_corner_a, co_window_paths_a, co_window_paths_b,
          co_window_paths_a, co_window_of_opportunity_b,
          co_window_unsneaky_path_c, co_window_cross_4,
          co_window_of_opportunity_c, co_window_4corner_a, co_window_paths_d,
          glass_columns_a, glass_columns_b, glass_columns_b, glass_columns_a
D:6:      layout_basic, mainiacjoe_overflow_cross_hatched, xom_redecorated,
          mainiacjoe_overflow_surrounded_room, minmay_bent, uniq_menkaure
Temple:   hellmonk_temple_flake

Skill      XL: |  1  2  3  4  5  6  7  8 |
---------------+-------------------------+-----
Stealth        | 7 8 9 |  9.7
Dodging        | 3 4 5 |  5.8
Fighting       | 4 5 6 |  6.3
Short Blades   | 3 4 |  4.4
Evocations     | 1 2 |  2.1

Action                     |  1- 3 |  4- 6 |  7- 9 || total
---------------------------+-------+-------+-------++-------
  Melee: Short sword       |    18 |   124 |    77 ||   219
         Constrict         |     4 |    27 |    16 ||    47
         Tentacles         |     3 |    28 |    22 ||    53
         Punch             |     1 |       |     2 ||     3
    Use: Scroll            |       |     1 |       ||     1
   Stab: Sleeping          |     1 |    30 |    12 ||    43
         Distracted        |     1 |       |     2 ||     3
 Armour: Skin              |     8 |    23 |    22 ||    53
  Dodge: Dodged            |     4 |    51 |    34 ||    89
